 Dungeon Crawl Stone Soup version 0.30-a0-305-g026cb31310 (webtiles) character file.

Game seed: 9880339200316203758

4075 Jhsd the Covert (level 10, 0/46 HPs)
             Began as a Spriggan Enchanter on Oct 22, 2022.
             Was a Priest of Dithmenos.
             Slain by a two-headed ogre
             ... wielding a +0 giant club
              (18 damage)
             ... on level 7 of the Dungeon.
             The game lasted 00:30:09 (8293 turns).

Jhsd the Covert (Spriggan Enchanter)                Turns: 8293, Time: 00:30:10

Health: 0/46       AC:  3    Str:  3    XL:     10   Next: 5%
Magic:  25/25      EV: 18    Int: 22    God:    Dithmenos [***...]
Gold:   272        SH:  0    Dex: 14    Spells: 18/29 levels left

rFire   + + .      SeeInvis +    a - +1 dagger
rCold   + . .      Faith    .    (no shield)
rNeg    + . .      Spirit   .    q - +1 robe {rF+}
rPois   +          Reflect  .    (helmet restricted)
rElec   +          Harm     .    (no cloak)
rCorr   +          Rampage  .    (gloves unavailable)
Will    +....                    (boots unavailable)
Stlth   +++++++...               (no amulet)
HPRegen 0.27/turn                i - ring of flight
MPRegen 0.19/turn                j - ring of positive energy

@: mighty, about to teleport, resistant, on berserk cooldown, flying, slowed,
wreathed by umbra, quick
A: very small, no large weapons, unfitting armour, see invisible, speed 3,
clever 1, weak 2
a: Renounce Religion, Shadow Step


You were on level 7 of the Dungeon.
You worshipped Dithmenos.
Dithmenos was most pleased with you.
You visited 2 branches of the dungeon, and saw 8 of its levels.
You also visited: Ossuary.

You collected 1284 gold pieces.
You spent 1012 gold pieces at shops.

Inventory:

Hand Weapons
 a - a +1 dagger (weapon)
Missiles
 t - a throwing net (quivered)
Armour
 q - a +1 robe of fire resistance (worn)
Jewellery
 i - a ring of flight (left hand)
 j - a ring of positive energy (right hand)
Wands
 n - a wand of iceblast (11)
Scrolls
 d - a scroll of immolation
 f - 2 scrolls of teleportation
 l - 2 scrolls of vulnerability
Potions
 b - a potion of mutation
 c - 2 potions of invisibility
 e - 3 potions of flight {unknown}
 g - 3 potions of curing
 h - 6 potions of haste
 k - 3 potions of lignification
 m - a potion of ambrosia
 o - 4 potions of might
 p - a potion of berserk rage
 s - 2 potions of brilliance


   Skills:
 + Level 1.8 Fighting
 + Level 3.1 Short Blades
 + Level 4.3 Dodging
 + Level 12.2 Stealth
 + Level 10.2 Spellcasting
 + Level 10.5 Hexes


You had 18 spell levels left.
You knew the following spells:

 Your Spells              Type           Power      Damage    Failure   Level
a - Ensorcelled Hibernat  Hex/Ice        68%        N/A       1%          2
b - Tukima's Dance        Hex            55%        N/A       1%          3
c - Dazzling Flash        Conj/Hex       68%        N/A       1%          3
d - Confusing Touch       Hex            55%        N/A       1%          3

Your spell library contained the following spells:

 Spells                   Type           Power      Damage    Failure   Level


Dungeon Overview and Level Annotations

Branches:
Dungeon (7/15)             Temple (1/1) D:4         Ossuary (visited)

Altars:
Cheibriados
Dithmenos
Elyvilon
Fedhas
Hepliaklqana
Kikubaaqudgha
Nemelex Xobeh
Okawaru
Ru
Sif Muna
Trog
Vehumet
Wu Jian
Yredelemnul
The Shining One

Shops:
D:3 !   D:4 (   D:5 [

Annotations:
D:5 1 runed translucent door, ouz's ghost, novice OpMo


Innate Abilities, Weirdness & Mutations

You are very small and have problems with some larger weapons.
You are too small for most types of armour.
You have supernaturally acute eyesight. (SInv)
You cover ground extremely quickly. (Speed+++)
Your mind is acute. (Int +4, Str/Dex -1)
You are very weak. (Str -4)


Message History

You hit the boulder beetle.
The boulder beetle is heavily wounded.
The freezing wraith misses you. The freezing wraith hits you.
The boulder beetle misses you.
You strike the helpless boulder beetle from behind!
You impale the boulder beetle!!
The boulder beetle is severely wounded.
The freezing wraith misses you. x2; The boulder beetle bites you!!
* * * LOW HITPOINT WARNING * * *
Unknown command.
You barely miss the boulder beetle.
The boulder beetle is severely wounded.
The freezing wraith completely misses you.
The freezing wraith hits you!
* * * LOW HITPOINT WARNING * * *
The freezing wraith drains your vigour!
You feel as though you will be slow longer.
The boulder beetle closely misses you.
You are too berserk!
Unknown command.
Unknown command.
You see here a potion of lignification.
You feel a strong urge to attack something.
The two-headed ogre shouts in stereo!
The two-headed ogre closely misses you.
The two-headed ogre completely misses you.
You see here a +2 ring mail of cold resistance.
You are no longer berserk.
You are exhausted.
You feel as though you will be slow longer.
Unknown command.
Unknown command.
You feel better.
You flicker back into view.
Okay, then.
Unknown command.
As you read the scroll of teleportation, it crumbles to dust.
You feel strangely unstable. The two-headed ogre barely misses you.
The two-headed ogre hits you with a +0 giant club!!
You die...

###......#.###.)#..#####.#....##.
..#.....##........## #...#####.
#........)........# #..###....
##.....###.######## ###########.
#.....# ♣.♣ ♣.♣ #.#♣ .♣ ♣♣.
#.#####♣♣.♣♣#♣ ♣.♣#.#.#♣.♣ #♣†.
##.# #..♣..#.♣♣♣W[#8#.. #... .#.#
#♣♣.♣♣#♣.♣O♣#!#B# #♣†. ...# ♣.♣
♣@♣♣♣#W# ♣♣. ...##### ♣.♣
#######.#########♣.
.....#.#♣♣.♣♣#♣≈≈≈~~♣.♣~~≈≈≈♣#.♣.
..##...#≈≈~P♣#≈≈≈~~†♣.♣~~~≈≈≈#♣.♣
.###...#♣♣P~♣#≈≈~~~.....~~~≈≈#.♣.
## #...# ♣♣♣~#≈≈~~...~...~~≈≈#♣.♣
# ##.### ♣P~♣#~~~...~≈~W..~~~#.♣.
# #..# ♣♣~P♣#~~...~≈~≈~...~~#♣.♣
###.## #♣~♣♣♣♣♣♣...P###....♣♣♣♣♣.


You could see a two-headed ogre and a freezing wraith.

Vanquished Creatures
  Pikel (D:5)
  A wyvern (D:7)
  A steam dragon (D:6)
  A water moccasin (D:7)
  An ice beast (D:6)
  An orc warrior (D:7)
  A black bear (D:7)
  A sky beast (D:6)
  3 ogres (D:6)
  A centaur (D:6)
  2 kobold brigands
  A lemure (D:5)
  4 bullfrogs
  2 scorpions
  6 water moccasin zombies (Ossuary)
  A wight (D:7)
  2 killer bees (D:7)
  3 electric eels (D:7)
  A howler monkey (D:6)
  4 hounds
  5 orc priests
  2 jellies
  6 iguanas
  4 orc wizards
  Natasha (thrice) (D:2)
  2 mummies (Ossuary)
  4 gnolls
  5 adders
  A shadow imp (D:5)
  2 white imps (D:5)
  An ufetubus (D:6)
  An adder zombie (Ossuary)
  2 worms
  2 dart slugs
  22 orcs
  3 bats
  8 endoplasms
  3 giant cockroaches
  2 gnoll zombies (Ossuary)
  9 goblins
  5 hobgoblins
  7 jackals
  13 kobolds
  3 quokkas
  12 ball pythons
  2 frilled lizards
  A goblin zombie (D:6)
  3 hobgoblin zombies (Ossuary)
  5 kobold zombies (Ossuary)
  8 orc zombies (Ossuary)
  A quokka zombie (D:6)
  3 rats
188 creatures vanquished.

Vanquished Creatures (collateral kills)
  2 orc warriors
  4 wights (D:7)
  A gnoll bouda (D:7)
  An orc wizard (D:6)
  3 gnolls (D:7)
  6 orcs
  A kobold (D:2)
18 creatures vanquished.

Vanquished Creatures (others)
  3 dancing weapons
  2 plants (D:7)
5 creatures vanquished.

Grand Total: 211 creatures vanquished

Notes
Turn   | Place    | Note
-------+----------+-------------------------------------------
     0 | D:1      | Jhsd the Spriggan Enchanter began the quest for the Orb.
     0 | D:1      | Reached XP level 1. HP: 9/9 MP: 5/5
   262 | D:1      | Reached XP level 2. HP: 8/13 MP: 7/7
   269 | D:1      | Learned a level 2 spell: Ensorcelled Hibernation
   889 | D:1      | Reached XP level 3. HP: 16/16 MP: 9/9
   893 | D:1      | Learned a level 3 spell: Tukima's Dance
   897 | D:1      | Learned a level 3 spell: Confusing Touch
  1254 | D:2      | Noticed Natasha
  1257 | D:2      | Killed Natasha
  1258 | D:2      | Reached XP level 4. HP: 21/21 MP: 8/11
  1308 | D:2      | Reached skill level 5 in Hexes
  1764 | D:2      | Noticed Natasha
  1770 | D:2      | Killed Natasha
  1771 | D:2      | Reached XP level 5. HP: 24/24 MP: 10/13
  1963 | D:2      | Noticed Natasha
  1978 | D:2      | Killed Natasha
  1979 | D:2      | Reached skill level 5 in Spellcasting
  2533 | D:3      | Found Uheib's Distillery.
  2541 | D:3      | Bought a potion of heal wounds for 55 gold pieces
  2541 | D:3      | Bought a potion of might for 44 gold pieces
  3022 | D:4      | Learned a level 3 spell: Dazzling Flash
  3223 | D:4      | Reached skill level 5 in Stealth
  3317 | D:4      | Found a staircase to the Ecumenical Temple.
  3341 | Temple   | Entered the Ecumenical Temple
  3388 | Temple   | Became a worshipper of Dithmenos the Shadowed
  3624 | D:4      | Found Muroaj's Weapon Emporium.
  3744 | D:4      | Reached XP level 6. HP: 21/28 MP: 11/15
  4125 | D:5      | Entered Level 5 of the Dungeon
  4147 | D:5      | Gained mutation: You have hidden genetic defects. [potion
                  | of mutation]
  4147 | D:5      | Gained mutation: Your mind is acute. (Int +4, Str/Dex -1)
                  | [potion of mutation]
  4157 | D:5      | Found Esiodduato's Antique Armour Shoppe.
  4164 | D:5      | Found a runed translucent door.
  4165 | D:5      | Noticed ouz's ghost (novice OpMo)
  4442 | D:5      | Gained mutation: You are weak. (Str -2) [hidden defects]
  4462 | D:5      | Noticed Pikel
  4599 | D:5      | Killed Pikel
  4600 | D:5      | Reached skill level 7 in Stealth
  4600 | D:5      | Reached XP level 7. HP: 31/32 MP: 14/18
  4612 | D:5      | Gained mutation: You are very weak. (Str -4) [hidden
                  | defects]
  4612 | D:5      | Lost mutation: You have hidden genetic defects. [hidden
                  | defects expressed]
  4764 | D:5      | Reached skill level 8 in Stealth
  4800 | D:5      | Reached * piety under Dithmenos
  4843 | D:5      | Reached XP level 8. HP: 23/36 MP: 12/20
  4955 | D:5      | Found a white marble altar of Elyvilon.
  5299 | D:5      | Found a sacrificial altar of Ru.
  5573 | D:6      | Reached skill level 9 in Stealth
  5636 | D:6      | Found a sand-covered staircase.
  5658 | Ossuary  | Entered an ossuary
  5866 | Ossuary  | Reached ** piety under Dithmenos
  6037 | Ossuary  | Reached skill level 10 in Stealth
  6264 | D:6      | Found a bloodstained altar of Trog.
  6331 | D:6      | Identified the +4 hand axe "Rubax" {protect, Will+}
  6359 | D:6      | Reached XP level 9. HP: 39/39 MP: 17/22
  6571 | D:6      | Reached skill level 11 in Stealth
  6879 | D:6      | Reached skill level 10 in Hexes
  7176 | D:7      | Reached skill level 1 in Fighting
  7196 | D:7      | Reached *** piety under Dithmenos
  7197 | D:7      | Reached skill level 10 in Spellcasting
  7323 | D:7      | Identified a scroll of acquirement
  7323 | D:7      | Acquired 1002 gold pieces
  7351 | D:7      | Reached skill level 12 in Stealth
  7573 | D:3      | Bought a potion of mutation for 88 gold pieces
  7573 | D:3      | Bought 2 potions of berserk rage for 110 gold pieces
  7573 | D:3      | Bought a potion of haste for 110 gold pieces
  7573 | D:3      | Bought 2 potions of haste for 220 gold pieces
  7573 | D:3      | Bought a potion of invisibility for 88 gold pieces
  7573 | D:3      | Bought a potion of lignification for 33 gold pieces
  7573 | D:3      | Bought a potion of resistance for 110 gold pieces
  7573 | D:3      | Bought a potion of haste for 110 gold pieces
  7573 | D:3      | Bought a potion of brilliance for 44 gold pieces
  7879 | D:7      | Identified the +6 whip "Kigug" {holy, Contam rPois rF+}
  8178 | D:7      | Reached XP level 10. HP: 35/46 MP: 22/25
  8256 | D:7      | Noticed a boulder beetle
  8276 | D:7      | Noticed a two-headed ogre
  8293 | D:7      | Slain by a two-headed ogre

Illustrated notes

Levels and vault maps discovered:
D:1:      roderic_chinese_lattice_arrival, layout_loops_corners,
          minmay_hexomino_u4
D:2:      layout_loops_ring, uniq_natasha
D:3:      corexii_shack_village, layout_basic, serial_shops, shop
D:4:      layout_basic, minmay_temple_entry_junction_2, serial_curves,
          eino_curves_01, eino_curves_01, serial_shops,
          nicolae_shop_bloodbath_and_beyond
D:5:      layout_cave_pools, nicolae_ru_path_of_blood, elyvilon_altar_4,
          gammafunk_ghost_grave, serial_co_window_serial,
          co_window_of_opportunity_a, co_window_paths_a,
          co_window_of_opportunity_a, co_window_paths_a, co_window_paths_a,
          co_window_paths_c, co_window_of_opportunity_b, co_window_corner_b,
          co_window_cross_3, co_window_2corner, co_window_4corner_b,
          glass_columns_b, glass_columns_c, glass_columns_c, glass_columns_b,
          glass_columns_a, serial_shops, kennysheep_mini_moat,
          minmay_liquid_box, uniq_pikel
D:6:      minmay_chambers_of_threes, layout_rooms,
          lemuel_coloured_pillars_altar, enter_ossuary_4
D:7:      nzn_winding_woodlands_large [nzn_winding_woodlands_5x5_cross,
          nzn_winding_woodlands_5x15_lazy_stream,
          nzn_winding_woodlands_5x5_closed_star,
          nzn_winding_woodlands_center_diamonds,
          nzn_winding_woodlands_15x15_eel_pit,
          nzn_winding_woodlands_center_lodge,
          nzn_winding_woodlands_5x5_open_star,
          nzn_winding_woodlands_5x15_split_checker,
          nzn_winding_woodlands_5x5_checkerboard], layout_layer_cave
Temple:   nicolae_temple_hex_pool

Skill      XL: |  1  2  3  4  5  6  7  8  9 |
---------------+----------------------------+-----
Spellcasting   | 3 4 5 7 8 10 | 10.2
Hexes          | 4 5 6 7 9 10 | 10.5
Stealth        | 5 7 8 10 12 | 12.2
Dodging        | 4 |  4.3
Fighting       | 1 |  1.8
Short Blades   | 3 |  3.1

Action                   |  1- 3 |  4- 6 |  7- 9 | 10-12 || total
-------------------------+-------+-------+-------+-------++-------
Melee: Dagger            |   110 |   238 |   216 |    12 ||   576
       Punch             |     2 |       |     3 |       ||     5
 Cast: Ensorcelled Hiber |     5 |    34 |    38 |     5 ||    82
       Confusing Touch   |       |     5 |    19 |       ||    24
       Tukima's Dance    |       |     1 |    30 |       ||    31
       Dazzling Flash    |       |       |     1 |       ||     1
Evoke: Wand              |       |       |     3 |       ||     3
  Use: Scroll            |     5 |    10 |     5 |     1 ||    21
       Potion            |       |     3 |     1 |     5 ||     9
 Stab: Sleeping          |    12 |    33 |    54 |     5 ||   104
       Confused          |       |     4 |    16 |       ||    20
       Distracted        |       |       |     1 |       ||     1
       Invisible         |       |       |       |     1 ||     1
Armor: Robe              |    13 |    14 |    13 |       ||    40
Dodge: Dodged            |    84 |   134 |   147 |    18 ||   383

Table legend: (Time is in decaauts)
 A = Elapsed time spent in this place.
 B = Non-inter-level travel time spent in this place.
 C = Inter-level travel time spent in this place.
 D = Time resting spent in this place.
 E = Time spent auto-exploring this place.
 F = Levels seen in this place.
 G = Mean time per level.
                   A        B        C        D        E       F      G
               +--------+--------+--------+--------+--------+-----+--------+
         Total |   6174 |   5825 |    349 |    655 |   3541 |   9 |  686.0 |
       Dungeon |   5738 |   5400 |    338 |    465 |   3497 |   7 |  819.7 |
        Temple |     39 |     29 |     10 |      0 |     18 |   1 |   39.0 |
       Ossuary |    396 |    396 |      0 |    189 |     25 |   1 |  396.0 |
               +--------+--------+--------+--------+--------+-----+--------+

Top non-repeatable levels by time:
     D:5: 992 daAuts
     D:6: 976 daAuts
     D:4: 799 daAuts
     D:3: 776 daAuts
     D:7: 772 daAuts
     D:1: 712 daAuts
     D:2: 708 daAuts
 Ossuary: 396 daAuts
  Temple: 39 daAuts
